 Dungeon Crawl Stone Soup version 0.31-a0-654-gbe3e110b4e (webtiles) character file.

Game seed: 13249061909387139897

105 thirtiethelement the Grave Robber (level 4, -6/31 HPs)
             Began as a Demonspawn Necromancer on Aug 29, 2023.
             Mangled by a gnoll
             ... wielding a +1 heavy flail
              (8 damage)
             ... on level 4 of the Dungeon.
             The game lasted 00:05:52 (2937 turns).

thirtiethelement the Grave Robber (DsNe)            Turns: 2937, Time: 00:05:52

Health: -6/31      AC: 14    Str: 11    XL:     4   Next: 53%
Magic:  8/8        EV:  2    Int: 16    God:
Gold:   207        SH:  0    Dex: 13    Spells: 5/9 levels left

rFire   . .          .
                       - Unarmed
rCold   . . .        (no shield)
rNeg    . . .        m - +4 plate armour
rPois   +            (no helmet)
rElec   .            (no cloak)
rCorr   .            (no gloves)
SInv    .            (no boots)
Will    .....        (no amulet) Stlth
                     k - ring of poison resistance
HPRegen 0.25/turn    (no ring)
MPRegen 0.11/turn

%: no passive effects
@: no status effects
A: powered by pain 1, demonic touch 1
a: no special abilities


You were on level 4 of the Dungeon.
You visited 1 branch of the dungeon, and saw 4 of its levels.

You collected 207 gold pieces.

Inventory:

Missiles
 e - 5 boomerangs (quivered)
Armour
 g - a +0 leather armour
 m - a +4 plate armour (worn)
Magical Staves
 b - a staff of poison
Jewellery
 k - a ring of poison resistance (left hand)
Wands
 l - a wand of mindburst (23)
Scrolls
 c - 2 scrolls of vulnerability {unknown}
 d - 3 scrolls of identify {unknown}
 f - a scroll of revelation {unknown}
 h - 2 scrolls of teleportation {unknown}
 o - a scroll of immolation {unknown}
Potions
 a - a potion of cancellation
 i - a potion of might {unknown}
 j - a potion of lignification {unknown}
 n - a potion of enlightenment {unknown}
 p - a potion of curing {unknown}
 q - a potion of haste {unknown}
 r - a potion of brilliance {unknown}


   Skills:
 + Level 0.5 Fighting
 * Level 0.6 Armour
 + Level 2.3 Dodging
 + Level 2.0 Stealth
 * Level 1.3 Unarmed Combat
 + Level 3.0 Spellcasting
 + Level 4.8 Necromancy


You had 5 spell levels left.
You knew the following spells:

 Your Spells              Type           Power      Damage    Failure   Level
a - Necrotise             Necr           72%        1d7       100%        1
b - Vampiric Draining     Necr           18%        2d7       100%        3

Your spell library contained the following spells:

 Spells                   Type           Power      Damage    Failure   Level
 Blink                    Tloc           4%         N/A       100%        2
 Lesser Beckoning         Tloc           4%         N/A       100%        2
 Momentum Strike          Conj/Tloc      4%         3d8       100%        2
 Animate Dead             Necr           18%        N/A       100%        4
 Agony                    Necr           18%        N/A       100%        5


Dungeon Overview and Level Annotations

Branches:
Dungeon (4/15)
 Temple: D:4-7

Altars:

Annotations:
D:4 Menkaure


Innate Abilities, Weirdness & Mutations

You sometimes gain a little power by taking damage.
Your touch may inflict minor irresistible damage on your foes.


Message History

The gnoll is severely wounded.
The gnoll hits you but does no damage.
You barely miss the gnoll.
The gnoll is severely wounded.
The gnoll hits you but does no damage.
You closely miss the gnoll.
The gnoll is severely wounded.
The gnoll hits you but does no damage.
You hit the gnoll. Your touch misses the gnoll.
The gnoll is severely wounded.
The gnoll hits you with a +0 whip!
* * * LOW HITPOINT WARNING * * *
You hit the gnoll.
You kill the gnoll!
Your Spellcasting skill increases to level 3!
You start resting.
HP restored.
You climb downwards.
Level annotation: Menkaure The gnoll hits you with a +1 heavy flail!
The gnoll hits you but does no damage. x2
There is a stone staircase leading up, spattered with blood here.
The gnoll hits you but does no damage. The ball python bites you.
The ball python grabs you.
You stop ascending the stairs.
The ball python constricts you. The gnoll hits you with a +0 flail.
Unknown command.
You barely miss the ball python.
The ball python bites you but does no damage.
The ball python constricts you. The gnoll hits you but does no damage.
The gnoll hits you with a +1 heavy flail!
* * * LOW HITPOINT WARNING * * *
The gnoll hits you with a +0 flail.
* * * LOW HITPOINT WARNING * * *
You barely miss the ball python.
You touch the ball python.
You kill the ball python!
The gnoll hits you but does no damage.
The gnoll hits you from afar with a +0 spear.
* * * LOW HITPOINT WARNING * * *
The gnoll hits you with a +1 heavy flail!
You die...

#...####.#### #####
##.## . #...# ####.
#...# #.... #...# #.##.
#...# #.##.
######...#####.# .
#.##.##..............###
.?..rg†@................
#..#.##gg.......).>.####
#####......#### #
#....#.# # #..#...# #
#..##..# # ....##++# ##
.##..# #. . .### ######.


You could see 3 gnolls and a quokka.

Vanquished Creatures
  A gnoll (D:3)
  An adder (D:3)
  3 worms
  2 dart slugs (D:2)
  8 bats
  6 endoplasms
  4 giant cockroaches
  10 goblins
  4 hobgoblins (D:2)
  6 jackals (D:1)
  3 kobolds
  3 quokkas
  6 ball pythons
  2 frilled lizards
  4 rats
63 creatures vanquished.

Vanquished Creatures (collateral kills)
  A hobgoblin (D:2)
  A goblin (D:2)
2 creatures vanquished.

Grand Total: 65 creatures vanquished

Notes
Turn   | Place    | Note
-------+----------+-------------------------------------------
     0 | D:1      | thirtiethelement the Demonspawn Necromancer began the quest
                  | for the Orb.
     0 | D:1      | Reached XP level 1. HP: 13/13 MP: 3/3
   179 | D:1      | Gained mutation: You sometimes gain a little power by
                  | taking damage. [demonic ancestry]
   179 | D:1      | Reached XP level 2. HP: 16/19 MP: 1/5
  1016 | D:1      | Gained mutation: Your touch may inflict minor irresistible
                  | damage on your foes. [demonic ancestry]
  1016 | D:1      | Reached XP level 3. HP: 24/24 MP: 2/6
  1519 | D:2      | Learned a level 3 spell: Vampiric Draining
  1928 | D:2      | Reached skill level 1 in Unarmed Combat
  1931 | D:2      | Reached XP level 4. HP: 9/31 MP: 0/8
  2233 | D:3      | Found a faded altar of an unknown god.
  2781 | D:4      | Noticed Menkaure
  2937 | D:4      | Mangled by a gnoll

Illustrated notes

Levels and vault maps discovered:
D:1:      matt_arrival_los_fun, layout_basic, hex_medium
D:2:      cheibrodos_greedy_goblins, layout_rooms, kennysheep_another_room,
          serial_park_tiny_2, minmay_strange_pillars
D:3:      layout_basic, mainiacjoe_overflow_alcove_2,
          hellmonk_ecumenical_altar_arch_garden, serial_glass, glass_columns_a,
          glass_columns_a
D:4:      layout_loops_cross, gammafunk_temple_overflow_wave, nicolae_wormholes,
          uniq_menkaure, uniq_crazy_yiuf_cottage

Skill      XL: |  1  2  3  4 |
---------------+-------------+-----
Dodging        | 2 |  2.3
Stealth        | 2 |  2.0
Unarmed Combat | 1 |  1.3
Spellcasting   | 3 |  3.0
Fighting       | |  0.5
Armour         | |  0.6
Necromancy     | |  4.8

Action                     |  1- 3 |  4- 6 || total
---------------------------+-------+-------++-------
  Melee: Unarmed           |   137 |    57 ||   194
         Punch             |     1 |     1 ||     2
         Touch             |    10 |    10 ||    20
   Cast: Necrotise         |    41 |     5 ||    46
         Vampiric Draining |     3 |       ||     3
    Use: Potion            |     2 |       ||     2
   Stab: Sleeping          |     1 |     1 ||     2
 Armour: Robe              |    32 |       ||    32
         Leather armour    |    33 |     2 ||    35
         Plate armour      |       |    28 ||    28
  Dodge: Dodged            |   133 |     7 ||   140

Table legend: (Time is in decaauts)
 A = Elapsed time spent in this place.
 B = Non-inter-level travel time spent in this place.
 C = Inter-level travel time spent in this place.
 D = Time resting spent in this place.
 E = Time spent auto-exploring this place.
 F = Levels seen in this place.
 G = Mean time per level.
                   A        B        C        D        E       F      G
               +--------+--------+--------+--------+--------+-----+--------+
         Total |   2935 |   2854 |     81 |     86 |   2197 |   4 |  733.8 |
       Dungeon |   2935 |   2854 |     81 |     86 |   2197 |   4 |  733.8 |
               +--------+--------+--------+--------+--------+-----+--------+

Top non-repeatable levels by time:
     D:1: 1260 daAuts
     D:2: 813 daAuts
     D:3: 677 daAuts
     D:4: 184 daAuts
